 Dungeon Crawl Stone Soup version 0.20.1-1-g8b1a95d66d (webtiles) character file.

558 Kryll the Ruffian (level 7, 0/68 HPs)
             Began as a Troll Berserker on Nov 29, 2017.
             Was a Priest of Trog.
             Succumbed to an orc wizard's poison
             ... on level 4 of the Dungeon.
             The game lasted 00:26:00 (2514 turns).

Kryll the Ruffian (Troll Berserker)                 Turns: 2514, Time: 00:26:01

Health: 0/68       AC:  6    Str: 28    XL:     7   Next: 9%
Magic:  6/6        EV: 10    Int:  3    God:    Trog [***...]
Gold:   179        SH:  0    Dex:  9    Spells: 6/6 levels left

rFire    + . .     SeeInvis .     - Unarmed
rCold    . . .     Gourm    +   (no shield)
rNeg     . . .     Faith    +   f - +1 robe
rPois    .         Spirit   .   (helmet restricted)
rElec    .         Reflect  .   (no cloak)
rCorr    .         Harm     .   (gloves unavailable)
MR       .....                  (boots unavailable)
Stlth    +.........             n - amulet of faith
Regen    0.7/turn               i - ring of protection from fire
MPRegen  0.1/turn               (no ring)

@: lethally poisoned (0 -> -21)
A: unfitting armour, claws 3, fast metabolism 3, gourmand, regeneration 1,
shaggy fur 1, tough skin 2
a: Berserk, Trog's Hand, Burn Spellbooks, Renounce Religion


You were on level 4 of the Dungeon.
You worshipped Trog.
Trog was most pleased with you.
You were not hungry.

You visited 1 branch of the dungeon, and saw 4 of its levels.

You collected 179 gold pieces.

Inventory:

Hand Weapons
 c - a +1 mace of protection
 d - a +2 dagger of flaming
 g - a +0 whip
 h - a +3 dagger
 j - a +2 flail of holy wrath
 k - a +0 club
 l - a +0 scimitar
 m - a +0 dagger of freezing
Armour
 a - a +0 animal skin
 e - a +0 leather armour
 f - a +1 robe (worn)
 t - a +0 pair of boots
Jewellery
 i - a ring of protection from fire (left claw)
 n - an amulet of faith (around neck)
Wands
 p - a wand of lightning (8/15)
Scrolls
 o - 2 scrolls of magic mapping
Potions
 r - a potion of curing {unknown}
 u - a potion of ambrosia {unknown}
Comestibles
 q - 5 fruits


   Skills:
 * Level 3.6 Fighting
 * Level 3.2 Dodging
 * Level 6.9 Unarmed Combat


You had 6 spell levels left.
You didn't know any spells.

Dungeon Overview and Level Annotations

Branches:
Dungeon (4/15)
 Temple: D:4-7

Altars:
Fedhas
Makhleb
Trog
Zin


Innate Abilities, Weirdness & Mutations

You are too large for most types of armour.
You have claws for hands.
Your metabolism is lightning-fast.
You like to eat raw meat.
Your natural rate of healing is unusually fast.
You are covered in fur. (AC +1)
You have very tough skin. (AC +2)


Message History

Something hits you.
* * * LOW HITPOINT WARNING * * *
You are more poisoned.
You feel less confused.
* * * LOW HITPOINT WARNING * * *
You feel very sick.
* * * LOW HITPOINT WARNING * * *
You feel very sick.
* * * LOW HITPOINT WARNING * * *
You feel very sick.
* * * LOW HITPOINT WARNING * * *
You feel very sick.
You hear some strange, mumbled words.
Something tries to affect you, but you resist.
The orc priest casts a cantrip, but nothing happens.
You see here a stone.
* * * LOW HITPOINT WARNING * * *
You feel very sick.
The orc priest looks satisfied for a moment.
You die... o

#)####
#.#
#o#
#.#
#o#
#{#
#(#
#.#
#@#
#.#
#.#
..#
####
...
#...
####
#.#.
#...
##.#
#..


You could see an orc priest and an orc.

Vanquished Creatures
  An orc warrior (D:4)
  An ogre (D:4)
  2 orc priests (D:4)
  A hound (D:4)
  3 orc wizards
  3 worker ants (D:4)
  A hound skeleton (D:4)
  4 adders
  3 oozes
  A worm (D:2)
  A dart slug (D:3)
  17 orcs
  3 giant cockroaches (D:2)
  6 goblins
  A hobgoblin (D:3)
  A quokka (D:4)
  A ball python (D:4)
  6 bats
  9 frilled lizards
  4 kobolds
  8 rats
77 creatures vanquished.

Notes
Turn   | Place    | Note
-------+----------+-------------------------------------------
     0 | D:1      | Kryll the Troll Berserker began the quest for the Orb.
     0 | D:1      | Reached XP level 1. HP: 22/22 MP: 0/0
   205 | D:1      | Reached XP level 2. HP: 29/29 MP: 1/1
   922 | D:2      | Reached XP level 3. HP: 36/36 MP: 2/2
   924 | D:2      | Reached ** piety under Trog
   936 | D:2      | Reached skill level 4 in Unarmed Combat
   983 | D:2      | Found a blossoming altar of Fedhas.
  1035 | D:2      | You fall through a shaft for 2 floors!
  1050 | D:4      | Reached XP level 4. HP: 41/45 MP: 3/3
  1125 | D:4      | Reached XP level 5. HP: 53/53 MP: 4/4
  1157 | D:4      | Reached skill level 5 in Unarmed Combat
  1448 | D:3      | Reached XP level 6. HP: 52/61 MP: 5/5
  1674 | D:3      | Reached *** piety under Trog
  2151 | D:2      | Found a bloodstained altar of Trog.
  2299 | D:4      | Reached skill level 6 in Unarmed Combat
  2310 | D:4      | Paralysed by fainting for 8 turns
  2367 | D:4      | Found a glowing silver altar of Zin.
  2367 | D:4      | Found a burning altar of Makhleb.
  2368 | D:4      | Noticed a balrug
  2368 | D:4      | Noticed an angel
  2468 | D:4      | Noticed an orc warrior
  2490 | D:4      | Killed an orc warrior
  2490 | D:4      | Reached XP level 7. HP: 52/68 MP: 6/6
  2513 | D:4      | HP: 3/68 [poisoned by an orc wizard]
  2514 | D:4      | Succumbed to an orc wizard's poison

Skill      XL: |  1  2  3  4  5  6 |
---------------+-------------------+-----
Fighting       | 3 |  3.6
Unarmed Combat | 4 5 6 |  6.9
Dodging        | 3 |  3.2

Action                   |  1- 3 |  4- 6 |  7- 9 || total
-------------------------+-------+-------+-------++-------
Melee: Unarmed           |    55 |   126 |     8 ||   189
       Punch             |     1 |     3 |       ||     4
  Use: Scroll            |     3 |     4 |       ||     7
       Potion            |       |     1 |       ||     1
  Eat: Bread ration      |     1 |     2 |       ||     3
       Chunk             |     1 |       |       ||     1
       Meat ration       |       |     1 |       ||     1
       Fruit             |       |     2 |       ||     2
       Royal jelly       |       |     1 |       ||     1
Armor: Animal skin       |    16 |       |       ||    16
       Robe              |    13 |    24 |     5 ||    42
Dodge: Dodged            |    38 |    38 |     4 ||    80
